 Dungeon Crawl Stone Soup version 0.24.0-123-gd5b16e6ec5 (webtiles) character file.

Game seed: 10749769609601652724, levelgen mode: deterministic

78 H0rd4k the Charlatan (level 4, -3/32 HPs)
             Began as a Human Artificer on Feb 10, 2020.
             Slain by Robin
             ... wielding a +0 spear
              (5 damage)
             ... on level 3 of the Dungeon.
             The game lasted 00:03:33 (3448 turns).

H0rd4k the Charlatan (Human Artificer)              Turns: 3448, Time: 00:03:33

Health: -3/32      AC:  5    Str: 14    XL:     4   Next: 61%
Magic:  6/6        EV: 12    Int: 11    God:
Gold:   126        SH:  0    Dex: 13    Spells: 3/3 levels left

rFire    . . .     SeeInvis .   a - +0 short sword
rCold    . . .     Gourm    .   (no shield)
rNeg     . . .     Faith    .   b - +0 leather armour
rPois    .         Spirit   .   (no helmet)
rElec    .         Reflect  .   (no cloak)
rCorr    .         Harm     .   (no gloves)
MR       .....                  s - +1 pair of boots {Stlth+}
Stlth    +++.......             (no amulet)
HPRegen  0.10/turn              (no ring)
MPRegen  0.10/turn              (no ring)

@: no status effects
A: no striking features
a: no special abilities


You were on level 3 of the Dungeon.
You were not hungry.

You visited 1 branch of the dungeon, and saw 3 of its levels.

You collected 126 gold pieces.

Inventory:

Hand Weapons
 a - a +0 short sword (weapon)
Armour
 b - a +0 leather armour (worn)
 s - a +1 pair of boots of stealth (worn)
Jewellery
 n - an uncursed ring of positive energy {unknown}
 p - an uncursed ring of ice {unknown}
 u - a cursed -3 ring of evasion {unknown}
Wands
 c - a wand of flame (13)
 d - a wand of enslavement (13)
 e - a wand of random effects (15)
Scrolls
 g - 3 scrolls of fog {unknown}
 i - a scroll of enchant armour {unknown}
 j - 2 scrolls of magic mapping {unknown}
 k - a scroll of enchant weapon {unknown}
 m - 2 scrolls of identify {unknown}
 o - a scroll of fear {unknown}
 q - 2 scrolls of remove curse {unknown}
 r - 2 scrolls of amnesia {unknown}
 v - a scroll of blinking {unknown}
Potions
 h - 3 potions of heal wounds
 l - a potion of might {unknown}
 t - a potion of agility {unknown}
 w - 2 potions of ambrosia {unknown}
Comestibles
 f - 6 rations


   Skills:
 + Level 1.2 Fighting
 + Level 2.1 Short Blades
 + Level 1.3 Armour
 + Level 2.6 Dodging
 + Level 1.4 Stealth
 + Level 3.5 Evocations


You had 3 spell levels left.
You didn't know any spells.
Your spell library was empty.

Dungeon Overview and Level Annotations

Branches:
Dungeon (3/15)

Altars:
Cheibriados
Vehumet
Wu Jian
The Shining One

Annotations:
D:2 exclusion: downstairs
D:3 Robin


Message History

Anything else - Cancel.
Guard this area!
Your goblin no longer looks unusually strong.
Robin roars a battlecry!
Your goblin wields a +0 hunting sling.
Your goblin shoots a stone.
The stone barely misses Robin.
Evoke which item? (* to show all) (? for menu, Esc to quit)
Aiming: Enslavement
Press: ? - help, Shift-Dir - straight line, f - hobgoblin, p - goblin
Aim: a hobgoblin, wielding a +0 club (chance to defeat MR: 73%)
The hobgoblin struggles to resist.
The hobgoblin misses you.
Your goblin unwields a +0 hunting sling.
Your goblin misses Robin.
Evoke which item? (* to show all) (? for menu, Esc to quit)
Aiming: Enslavement
Press: ? - help, Shift-Dir - straight line, f/p - hobgoblin
Aim: a hobgoblin, wielding a +0 club (chance to defeat MR: 73%)
The hobgoblin is charmed.
Robin hits you from afar with a +0 spear.
You die...

### #_##
###..##
#...#.#
#..#g@#
#.#gg##
##.)##
#(g#.##
#.#...#.###
#...#.#...#
###.#.##.#.#
#.##.##..#.##
##
#.##.g##....
..#


You could see Robin, a hobgoblin, a friendly hobgoblin and a friendly goblin.

Vanquished Creatures
  2 worms (D:2)
  A dart slug (D:1)
  3 leopard geckos
  3 orcs (D:3)
  4 giant cockroaches
  8 goblins
  8 hobgoblins
  9 kobolds
  2 ball pythons
  10 bats
  4 frilled lizards
  10 rats
64 creatures vanquished.

Vanquished Creatures (collateral kills)
  A goblin (D:3)
1 creature vanquished.

Vanquished Creatures (others)
  A goblin (D:3)
1 creature vanquished.

Grand Total: 66 creatures vanquished

Notes
Turn   | Place    | Note
-------+----------+-------------------------------------------
     0 | D:1      | H0rd4k the Human Artificer began the quest for the Orb.
     0 | D:1      | Reached XP level 1. HP: 15/15 MP: 3/3
   143 | D:1      | Reached XP level 2. HP: 14/21 MP: 4/4
   696 | D:1      | Reached XP level 3. HP: 22/26 MP: 5/5
  1247 | D:2      | Reached skill level 1 in Armour
  1327 | D:2      | Found an ornate altar of the Wu Jian Council.
  1620 | D:2      | Found a radiant altar of Vehumet.
  1893 | D:2      | HP: 1/26 [worm (9)]
  2145 | D:2      | Reached XP level 4. HP: 18/32 MP: 6/6
  2944 | D:3      | Found a glowing golden altar of the Shining One.
  3208 | D:3      | Found a snail-covered altar of Cheibriados.
  3399 | D:3      | Noticed Robin
  3448 | D:3      | Slain by Robin

Levels and vault maps discovered:
D:1:      arrival_zaba_pyramid, layout_loops_ring
D:2:      wad_crossroads, layout_loops_ring, old_standard_altar,
          old_standard_altar
D:3:      layout_basic, marbit_many_paths, tso_altar, first_ration,
          chequers_ecumenical_altar_simple_redux, uniq_robin

Skill      XL: |  1  2  3  4 |
---------------+-------------+-----
Armour         | 1 |  1.3
Short Blades   | 2 |  2.1
Fighting       | |  1.2
Dodging        | |  2.6
Stealth        | |  1.4
Evocations     | |  3.5

Action                   |  1- 3 |  4- 6 || total
-------------------------+-------+-------++-------
Melee: Short sword       |   192 |   108 ||   300
Evoke: Wand              |     2 |     6 ||     8
 Stab: Sleeping          |     4 |     3 ||     7
  Eat: Chunk             |     3 |     5 ||     8
Armor: Leather armour    |    49 |    49 ||    98
Dodge: Dodged            |   111 |    92 ||   203
